 Dungeon Crawl Stone Soup version 0.18-b1-16-g289874d (webtiles) character file.

14264 Chiseanne the Thaumaturge (level 11, -14/68 HPs)
             Began as a Demonspawn Wizard on May 1, 2016.
             Was an Initiate of Gozag.
             Demolished by otab's ghost (27 damage)
             ... on level 10 of the Dungeon.
             The game lasted 01:11:49 (16299 turns).

Chiseanne the Thaumaturge (Demonspawn Wizard)      Turns: 16299, Time: 01:11:50

Health: -14/68     AC: 12    Str:  9    XL:     11   Next: 86%
Magic:  0/27       EV: 11    Int: 23    God:    Gozag
Gold:   706        SH:  0    Dex: 12    Spells: 8 memorised, 10 levels left

rFire  + . .     SeeInvis +     w - +4 hunting sling (flame)
rCold  . . .     Gourm    .     L - +1 leather armour of Felonol {*Confuse rF+ rN+ Str+2}
rNeg   + . .     Faith    .     (no shield)
rPois  +         Spirit   +     y - +1 helmet
rElec  .         Dismiss  .     (no cloak)
rCorr  .         Reflect  .     E - +1 pair of gloves {archery}
SustAt .         Harm     .     P - +1 pair of boots
MR     .....                    (no amulet)
Stlth  ++........               k - ring of poison resistance
                                t - ring of see invisible

@: not resistant to hostile enchantments, unstealthy
A: talons 2, thin metallic scales 1, powered by death 1, magic shield, magic
regeneration
a: Potion Petition, Call Merchant, Bribe Branch, Renounce Religion


You were on level 10 of the Dungeon.
You worshipped Gozag.
Gozag was noncommittal.
You were not hungry.

You visited 2 branches of the dungeon, and saw 11 of its levels.
You also visited: Sewer and Ossuary.

You collected 1835 gold pieces.
You spent 571 gold pieces at shops.
You paid 558 gold pieces to Gozag.

Inventory:

Hand Weapons
 a - the +5 dagger of Spontaneous Combustion {flame, rElec rF++ Str-4 Dex+2}
   (You found it on level 4 of the Dungeon)

   It has been specially enchanted to burn those struck by it, causing extra
   injury to most foes and up to half again as much damage against particularly
   susceptible opponents.
   It affects your strength (-4).
   It affects your dexterity (+2).
   It greatly protects you from fire.
   It insulates you from electricity.
 s - a +0 trident of flaming
 w - a +4 hunting sling of flaming (weapon)
Missiles
 f - 244 stones (quivered)
 i - 84 bolts
 q - 33 poisoned needles
 r - 239 arrows
 D - 4 tomahawks of returning
 J - 45 sling bullets
 T - a throwing net
Armour
 y - a +1 helmet (worn)
 E - a +1 pair of gloves of archery (worn)
 L - the +1 leather armour of Felonol (worn) {*Confuse rF+ rN+ Str+2}
   (You found it on level 6 of the Dungeon)

   It affects your strength (+2).
   It protects you from fire.
   It protects you from negative energy.
   It may confuse you when you take damage.
 P - a +1 pair of boots (worn)
Magical Staves
 R - a cursed staff of summoning {unknown}
Jewellery
 k - a ring of poison resistance (right hand)
 t - a ring of see invisible (left hand)
Wands
 v - a wand of paralysis (17/24)
 K - a wand of paralysis (5/24)
 M - a wand of iceblast (6/15)
Scrolls
 g - 3 scrolls of blinking
 h - 5 scrolls of teleportation
 m - 4 scrolls of remove curse
 n - 3 scrolls of recharging
 o - 3 scrolls of amnesia
 p - a scroll of fog
 N - 8 scrolls of identify
 O - 2 scrolls of magic mapping
Potions
 b - a potion of resistance
 e - 3 potions of haste
 u - a potion of brilliance
 z - a potion of invisibility
 A - 2 potions of heal wounds
 B - 3 potions of lignification
 C - 2 potions of cancellation
 F - 2 potions of flight
 G - 4 potions of curing
 H - 3 potions of agility
 I - a potion of magic
 Q - a potion of cure mutation
Books
 c - a book of Minor Magic

   Spells                             Type                      Level
   a - Magic Dart                     Conjuration                  1
   b - Blink                          Translocation                2
   c - Call Imp                       Summoning                    2
   d - Repel Missiles                 Charms/Air                   2
   e - Slow                           Hexes                        2
   f - Conjure Flame                  Conjuration/Fire             3
   g - Mephitic Cloud                 Conjuration/Poison/Air       3
 x - a book of Fire

   Spells                             Type                      Level
   a - Ignite Poison                  Fire/Transmutation/Poison    3
   b - Fireball                       Conjuration/Fire             5
   c - Bolt of Fire                   Conjuration/Fire             6
   d - Delayed Fireball               Conjuration/Fire             7
   e - Ring of Flames                 Charms/Fire                  7
Comestibles
 d - 3 bread rations
 j - 3 fruits
 l - 7 meat rations


   Skills:
 - Level 1.7 Dodging
 - Level 1.7 Stealth
 * Level 12.6 Spellcasting
 - Level 10.3 Conjurations
   Level 1.0 Summonings
 - Level 0.8 Translocations
 * Level 8.5 Fire Magic


You had 10 spell levels left.
You knew the following spells:

 Your Spells              Type           Power        Failure   Level  Hunger
a - Magic Dart            Conj           ####         1%          1    None
b - Blink                 Tloc           N/A          8%          2    None
c - Fireball              Conj/Fire      ######....   3%          5    ###....
d - Mephitic Cloud        Conj/Pois/Air  ####....     4%          3    None
e - Conjure Flame         Conj/Fire      ######..     1%          3    None
f - Ignite Poison         Fire/Trmt/Pois ####....     10%         3    None
g - Repel Missiles        Chrm/Air       ##....       12%         2    None
h - Bolt of Fire          Conj/Fire      ######....   21%         6    #####..


Dungeon Overview and Level Annotations

Branches:
Dungeon (10/15)            Temple (1/1) D:7
   Lair: D:8-11         Orc: D:9-12

Altars:
Ashenzari
Cheibriados
Dithmenos
Elyvilon
Fedhas
Gozag
Kikubaaqudgha
Makhleb
Nemelex Xobeh
Okawaru
Pakellas
Qazlal
Ru
Sif Muna
Trog
Vehumet
Xom
Yredelemnul
Zin
The Shining One

Shops:
D:4 %   D:7 ??*%}   D:8 ?   D:9 %[

Annotations:
D:10 otab's ghost, journeyman OgBe


Innate Abilities, Weirdness & Mutations

You have razor-sharp toenails.
You are partially covered in thin metallic scales (AC +2).
You regenerate a little health from kills.
When hurt, damage is shared between your health and your magic reserves.
You regenerate magic rapidly.


Message History

Otab's ghost is engulfed in roaring flames.
Firing (i - inventory. (,) - cycle):
f - 247 stones (quivered)
Press: ? - help, Shift-Dir - straight line, f/p - otab's ghost
Aim: otab's ghost (severely damaged)
You shoot a stone. The stone hits otab's ghost.
The stone burns otab's ghost.
Otab's ghost is severely damaged.
Firing (i - inventory. (,) - cycle):
f - 246 stones (quivered)
Press: ? - help, Shift-Dir - straight line, f/p - otab's ghost
Aim: otab's ghost (severely damaged)
You shoot a stone. The stone barely misses otab's ghost.
Firing (i - inventory. (,) - cycle):
f - 245 stones (quivered)
Press: ? - help, Shift-Dir - straight line, f/p - otab's ghost
Aim: otab's ghost (severely damaged)
You shoot a stone. The stone hits otab's ghost.
The stone burns otab's ghost.
Otab's ghost is severely damaged.
Casting: Blink
Confirm with . or Enter, or press ? or * to list all spells.
You blink.
Otab's ghost hits you!!
You die...
Your body crumbles into a pile of gold.

###### #.#..................
.....########...#######........#.
.....##........## ##.##..###.
.....##.####..## #.###.....
......#.# #..## #.#####...
###.....###.############.........
#..)............#§..#####..#...
#......#####.........##....#..)
#......# #...@W......#...#....
##......# #..............##...[
#.......# #..............##....
#.)....######................#..
.#......###(§(....#...#..........
...>.....#.(#########....#..<....
#.........(# #.#.#..#.....
##........## $ #...#.###....
..........# # ..## .$......


You could see otab's ghost.

Vanquished Creatures
  Erolcha (D:10)
  The ghost of otab the Basher, a novice OgBe of Trog (D:6)
  Pikel (D:4)
  A hill giant (D:8)
  2 ugly things (D:8)
  3 oklob plants (D:10)
  2 trolls
  Grinder (D:4)
  A two-headed ogre (D:8)
  A wraith (Ossuary)
  12 yaks
  A hungry ghost (D:7)
  A basilisk (D:8)
  Menkaure (D:5)
  7 ice beasts
  3 orc warriors
  3 sky beasts
  Purgy (Sewer)
  2 necrophages
  3 slaves (D:4)
  2 black bears
  4 phantoms
  5 ogres
  10 centaurs
  2 big kobolds
  7 giant frogs
  A gnoll sergeant (D:9)
  A water moccasin zombie (D:7)
  A wyvern skeleton (D:6)
  6 scorpions
  14 killer bees
  8 wights
  6 howler monkeys
  7 crimson imps
  2 jellies
  7 hounds
  2 giant frog zombies
  2 centaur skeletons
  7 orc priests
  11 orc wizards
  Jessica (D:3)
  A giant frog skeleton (D:10)
  3 iguanas
  Terence (D:2)
  Natasha (thrice) (D:3)
  6 worker ants
  A hound zombie (D:6)
  2 hound skeletons
  A mummy (Ossuary)
  A worker ant zombie (D:9)
  11 gnolls
  8 adders
  2 shadow imps
  5 adder skeletons
  A worm (D:4)
  5 dart slugs
  12 giant geckos
  38 orcs
  3 giant cockroaches
  5 goblins
  6 hobgoblins
  10 jackals
  5 quokkas
  4 bats
  A giant cockroach zombie (D:5)
  2 giant gecko zombies
  5 giant newts
  4 gnoll skeletons (Ossuary)
  A jackal skeleton (D:4)
  17 kobolds
  10 kobold skeletons (Ossuary)
  11 orc skeletons (Ossuary)
  3 quokka skeletons
  6 rats
  7 bushes (D:10)
  7 plants (D:10)
362 creatures vanquished.

Vanquished Creatures (collateral kills)
  An orc (D:5)
1 creature vanquished.

Vanquished Creatures (others)
  An orc wizard (D:5)
1 creature vanquished.

Grand Total: 364 creatures vanquished

Notes
Turn   | Place    | Note
--------------------------------------------------------------
     0 | D:1      | Chiseanne the Demonspawn Wizard began the quest for the Orb.
     0 | D:1      | Reached XP level 1. HP: 13/13 MP: 4/4
   434 | D:1      | Gained mutation: When hurt, damage is shared between your health and your magic reserves. [demonic ancestry]
   434 | D:1      | Reached XP level 2. HP: 19/19 MP: 0/6
  1184 | D:1      | Learned a level 2 spell: Blink
  1187 | D:1      | Learned a level 2 spell: Repel Missiles
  1495 | D:1      | Reached XP level 3. HP: 24/24 MP: 4/8
  1892 | D:2      | Noticed Terence
  2365 | D:2      | Learned a level 3 spell: Mephitic Cloud
  2385 | D:2      | Killed Terence
  2385 | D:2      | Reached skill level 4 in Spellcasting
  2385 | D:2      | Reached XP level 4. HP: 28/30 MP: 1/10
  2899 | D:3      | Noticed Natasha
  2910 | D:3      | Killed Natasha
  3001 | D:3      | Noticed Natasha
  3009 | D:3      | Killed Natasha
  3009 | D:3      | Reached XP level 5. HP: 13/35 MP: 1/11
  3352 | D:3      | Found a basalt altar of Yredelemnul.
  3374 | D:3      | Noticed Jessica
  3383 | D:3      | Killed Jessica
  3569 | D:3      | Noticed Natasha
  3582 | D:3      | Killed Natasha
  3909 | D:3      | Found a glowing golden altar of the Shining One.
  4062 | D:3      | Noticed a centaur
  4077 | D:3      | Killed a centaur
  4077 | D:3      | Reached skill level 5 in Spellcasting
  4077 | D:3      | Gained mutation: You are partially covered in thin metallic scales (AC +2). [demonic ancestry]
  4077 | D:3      | Reached XP level 6. HP: 13/41 MP: 6/13
  4517 | D:4      | Noticed Grinder
  4529 | D:4      | Paralysed by Grinder for 7 turns
  5033 | D:4      | Learned a level 3 spell: Conjure Flame
  5083 | D:4      | Got a slimy dagger
  5084 | D:4      | Identified the +5 dagger of Spontaneous Combustion {flame, rElec rF++ Str-4 Dex+2} (You found it on level 4 of the Dungeon)
  5104 | D:4      | Found Uppiakk's Food Boutique.
  5145 | D:4      | Killed Grinder
  5145 | D:4      | Reached skill level 5 in Conjurations
  5145 | D:4      | Gained mutation: You regenerate magic rapidly. [demonic ancestry]
  5145 | D:4      | Reached XP level 7. HP: 46/46 MP: 13/15
  5214 | D:4      | Found an iron altar of Okawaru.
  5314 | D:4      | Found a sacrificial altar of Ru.
  5322 | D:4      | Reached skill level 6 in Spellcasting
  5587 | D:4      | Noticed Pikel
  5624 | D:4      | Killed Pikel
  5624 | D:4      | Reached skill level 7 in Spellcasting
  5624 | D:4      | Gained mutation: You have sharp toenails. [demonic ancestry]
  5624 | D:4      | Reached XP level 8. HP: 51/52 MP: 5/18
  5699 | D:4      | Found a burning altar of Makhleb.
  5771 | D:5      | Entered Level 5 of the Dungeon
  6062 | D:5      | Found a blossoming altar of Fedhas.
  6232 | D:5      | Found a stormy altar of Qazlal.
  6374 | D:5      | Found a glowing drain.
  6383 | Sewer    | Entered a sewer
  6455 | Sewer    | Noticed Purgy
  6465 | Sewer    | Killed Purgy
  7223 | D:5      | Noticed Menkaure
  7230 | D:5      | Killed Menkaure
  7230 | D:5      | Reached skill level 8 in Spellcasting
  7335 | D:5      | Gained mutation: You regenerate a little health from kills. [demonic ancestry]
  7335 | D:5      | Reached XP level 9. HP: 57/57 MP: 14/21
  7878 | D:6      | Found a sand-covered staircase.
  7897 | Ossuary  | Entered an ossuary
  8583 | D:6      | Noticed otab's ghost (novice OgBe)
  8600 | D:6      | Killed otab's ghost
  8600 | D:6      | Reached skill level 9 in Spellcasting
  9244 | D:6      | Reached skill level 10 in Conjurations
  9461 | D:6      | Noticed a troll
  9481 | D:6      | Killed a troll
  9990 | D:6      | Got a fine leather armour
 10004 | D:6      | Identified the cursed +1 leather armour of Felonol {*Confuse rF+ rN+ Str+2} (You found it on level 6 of the Dungeon)
 10085 | D:7      | Learned a level 3 spell: Ignite Poison
 10091 | D:7      | Learned a level 5 spell: Fireball
 10103 | D:7      | Gained mutation: You have razor-sharp toenails. [demonic ancestry]
 10103 | D:7      | Reached XP level 10. HP: 63/63 MP: 11/23
 10143 | D:7      | Reached skill level 1 in Fire Magic
 10528 | D:7      | Found Abloroock's Gadget Emporium.
 10729 | D:7      | Reached skill level 10 in Spellcasting
 10800 | D:7      | Found Qucoeg's General Store.
 10990 | D:7      | Found Xaty's Magic Scroll Shop.
 10993 | D:7      | Bought a scroll of identify for 30 gold pieces
 10993 | D:7      | Bought a scroll of identify for 30 gold pieces
 10993 | D:7      | Bought a scroll of identify for 30 gold pieces
 10993 | D:7      | Bought a scroll of identify for 30 gold pieces
 11008 | D:7      | Found a staircase to the Ecumenical Temple.
 11107 | Temple   | Entered the Ecumenical Temple
 11251 | Temple   | Became a worshipper of Gozag Ym Sagoz the Greedy
 11274 | D:7      | Found Fumm's Magic Scroll Shop.
 11283 | D:7      | Bought a scroll of identify for 26 gold pieces
 11283 | D:7      | Bought a scroll of identify for 26 gold pieces
 11283 | D:7      | Bought a scroll of teleportation for 39 gold pieces
 11346 | D:7      | Got a warped ring mail
 11348 | D:7      | Identified the cursed +0 ring mail "Pocw" {rElec Dex+4} (You found it on level 7 of the Dungeon)
 11500 | D:7      | Found Dasihy's Food Shoppe.
 11712 | D:7      | Bought a scroll of identify for 26 gold pieces
 11712 | D:7      | Bought a scroll of identify for 26 gold pieces
 11933 | D:8      | Noticed a hill giant
 11947 | D:8      | Killed a hill giant
 12006 | D:8      | Noticed a brown ugly thing
 12007 | D:8      | Noticed a purple ugly thing
 12022 | D:8      | Killed a white ugly thing
 12039 | D:8      | Killed a white ugly thing
 12039 | D:8      | Reached skill level 11 in Spellcasting
 12039 | D:8      | Reached skill level 5 in Fire Magic
 12532 | D:8      | Reached XP level 11. HP: 68/68 MP: 16/26
 12566 | D:8      | Found Ivvya's Magic Scroll Shop.
 12589 | D:8      | Bought a scroll of identify for 26 gold pieces
 12589 | D:8      | Bought a scroll of magic mapping for 45 gold pieces
 12589 | D:8      | Bought a scroll of identify for 26 gold pieces
 12589 | D:8      | Bought a scroll of teleportation for 39 gold pieces
 13057 | D:8      | Learned a level 6 spell: Bolt of Fire
 13418 | D:8      | Found a radiant altar of Vehumet.
 14069 | D:9      | Found Beebuun's Food Emporium.
 14950 | D:9      | Bought a +0 pair of gloves of archery for 172 gold pieces
 15228 | D:10     | Entered Level 10 of the Dungeon
 15231 | D:10     | Noticed an oklob plant
 15395 | D:10     | Reached skill level 12 in Spellcasting
 15682 | D:10     | Noticed Erolcha
 15683 | D:10     | Paralysed by Erolcha for 7 turns
 15703 | D:10     | Killed Erolcha
 15760 | D:10     | Noticed an oklob plant
 15769 | D:10     | Killed an oklob plant
 15901 | D:10     | Noticed an oklob plant
 15958 | D:10     | Killed an oklob plant
 15961 | D:10     | Killed an oklob plant
 16283 | D:10     | Noticed otab's ghost (journeyman OgBe)
 16299 | D:10     | Demolished by otab's ghost

Skill      XL: |  1  2  3  4  5  6  7  8  9 10 11 |
---------------+----------------------------------+-----
Conjurations   | 2 3 4 5 7 8 10 | 10.3
Spellcasting   | 4 5 7 8 9 11 12 | 12.6
Fire Magic     | 5 8 |  8.5
Dodging        | |  1.7
Stealth        | |  1.7
Summonings     | |  1.0
Translocations | |  0.8

Action                   |  1- 3 |  4- 6 |  7- 9 | 10-12 || total
-------------------------+-------+-------+-------+-------++-------
Melee: Spear             |     8 |       |       |       ||     8
       Hand axe          |     8 |    10 |       |       ||    18
       Dagger            |       |       |       |     1 ||     1
 Fire: Hunting sling     |       |    30 |   371 |   541 ||   942
 Cast: Magic Dart        |    94 |    66 |   196 |   191 ||   547
       Mephitic Cloud    |     1 |     1 |    17 |    59 ||    78
       Blink             |       |     1 |    10 |    26 ||    37
       Repel Missiles    |       |     1 |     1 |     2 ||     4
       Conjure Flame     |       |       |    23 |    67 ||    90
       Ignite Poison     |       |       |       |     3 ||     3
       Fireball          |       |       |       |    14 ||    14
Invok: Call Merchant     |       |       |       |     1 ||     1
  Use: Scroll            |     7 |     9 |    14 |    10 ||    40
       Potion            |     1 |     5 |     1 |       ||     7
 Stab: Confused          |     1 |       |       |       ||     1
       Sleeping          |       |     1 |       |       ||     1
  Eat: Chunk             |     4 |     8 |    11 |     4 ||    27
       Pizza             |       |     1 |       |       ||     1
       Royal jelly       |       |       |     2 |     1 ||     3
       Bread ration      |       |       |       |     3 ||     3
       Fruit             |       |       |       |     1 ||     1
       Beef jerky        |       |       |       |     1 ||     1
Armor: Robe              |     1 |     3 |    36 |       ||    40
       Troll hide        |       |       |    24 |       ||    24
       Leather armour    |       |       |     1 |    74 ||    75
Dodge: Dodged            |    20 |    29 |   127 |   109 ||   285
       Deflected         |       |       |     2 |    10 ||    12
